 Dungeon Crawl Stone Soup version 0.31-a0-167-g1c394c0614 (webtiles) character file.

Game seed: 5393325489685220985

44 qw the Shooter (level 3, -3/22 HPs)
             Began as a Gargoyle Hunter on June 14, 2023.
             Slain by Sigmund
             ... wielding a +0 scythe
              (8 damage)
             ... on level 2 of the Dungeon.
             The game lasted 00:00:27 (833 turns).

qw the Shooter (Gargoyle Hunter)                     Turns: 833, Time: 00:00:28

Health: -3/22      AC:  7    Str: 20    XL:     3   Next: 62%
Magic:  3/3        EV: 11    Int:  9    God:
Gold:   45         SH:  0    Dex: 15    Spells: 2/2 levels left

rFire   . . .        Y - +0 shortbow
rCold   . . .        (shield currently unavailable)
rNeg    + . .        c - +0 leather armour
rPois   inf          (no helmet)
rElec   +            (no cloak)
rCorr   .            (no gloves)
SInv    .            b - +0 pair of boots
Will    .....        (no amulet)
Stlth   +            d - +6 ring of strength
HPRegen 0.23/turn    (no ring)
MPRegen 0.08/turn

%: no passive effects
@: confused
A: sickness immunity, AC +3, negative energy resistance 1, electricity
resistance, torment resistance 1, petrification resistance
a: no special abilities


You were on level 2 of the Dungeon.
You visited 1 branch of the dungeon, and saw 2 of its levels.

You collected 45 gold pieces.


Innate Abilities, Weirdness & Mutations

You are immune to sickness and miasma.
Your stone body is resilient. (AC +3)
You are immune to poison.
You resist negative energy. (rN+)
You are resistant to electric shocks. (rElec)
You are resistant to unholy torment.
You are immune to petrification.


   Skills:
 + Level 2.8 Fighting
 - Level 5.0 Ranged Weapons
 - Level 1.5 Dodging
 - Level 1.1 Stealth


You had 2 spell levels left.
You didn't know any spells.
Your spell library was empty.

Inventory:

Hand Weapons
 Y - a +0 shortbow (weapon)
Armour
 b - a +0 pair of boots (worn)
 c - a +0 leather armour (worn)
Jewellery
 d - a +6 ring of strength (left hand)
Scrolls
 a - a scroll of identify
Potions
 e - a potion of magic {unknown}

Dungeon Overview and Level Annotations

Branches:
Dungeon (2/15)

Altars:

Annotations:
D:2 Sigmund


Message History

Enter note:
Enter note:
Enter note:
Enter note:
819 ||| UPGRADING to +0 pair of boots.
Sigmund closely misses you.
You start putting on your armour.
You continue putting on your +0 pair of boots. x2
Sigmund closely misses you.
You continue putting on your +0 pair of boots.
Sigmund hits you but does no damage.
You continue putting on your +0 pair of boots.
You finish putting on your +0 pair of boots.
Enter note:
Enter note:
Enter note:
Enter note: Sigmund gestures at you while chanting.
The puff of flame hits you!
Enter note:
Enter note:
Enter note:
Enter note:
Enter note:
Enter note:
Enter note:
Enter note:
Enter note:
Enter note:
826 ||| FLEEEEING.
827 ||| FLEEEEING.
Sigmund gestures at you while chanting. You resist with significant effort.
828 ||| FLEEEEING.
Sigmund casts a spell at you.
You are confused.
Sigmund casts a spell at you.
The puff of flame hits you but does no damage.
Sigmund hits you from afar with a +0 scythe!
You die...

..#.........###
#.###%.......
###.........#
#.###....#.#. #
#.........# #............
# #.[?......#
###..........
###.#######.# #..........
....# ### #####...#......
##### #.......##%..## #
#.##.........# #
######@##........... #
#######...@..##......#.###
#..........#......%.....
#..........#..........).
#.......#######.....%#..
#.......# #%####.#.#
#.......# #.. .# #........
.#.# # #######.. . .#


You could see Sigmund.

Vanquished Creatures
  A worm (D:2)
  5 bats
  2 endoplasms (D:2)
  7 giant cockroaches
  A goblin (D:1)
  6 hobgoblins
  2 quokkas (D:1)
  3 ball pythons
  2 kobolds (D:1)
  7 rats
36 creatures vanquished.

Notes
Turn   | Place    | Note
-------+----------+-------------------------------------------
     0 | D:1      | qw the Gargoyle Hunter began the quest for the Orb.
     0 | D:1      | Reached XP level 1. HP: 12/12 MP: 1/1
     0 | D:1      | 0 ||| qw: Version: 0.2-a-29-g1fa15c8
     0 | D:1      | 0 ||| qw: Game counter: 5091
     0 | D:1      | 0 ||| qw: Always use a shield: true
     0 | D:1      | 0 ||| qw: God list: Okawaru
     0 | D:1      | 0 ||| qw: Allow faded altars: false
     0 | D:1      | 0 ||| qw: Do Orc after D:15 true
     0 | D:1      | 0 ||| qw: Do second Lair branch before Depths: true
     0 | D:1      | 0 ||| qw: Lair rune preference: random
     0 | D:1      | 0 ||| qw: Plans: Normal, Zot:1-4, Slime:5, God:TSO, Crypt,
                  | Tomb, Abyss, Pan, Hells, Win
     0 | D:1      | 0 ||| PLANNING D:1-11
   105 | D:1      | Reached XP level 2. HP: 17/17 MP: 2/2
   172 | D:1      | You fall into a shaft and drop 1 floor!
   173 | D:2      | 173 ||| UPGRADING to +6 ring of strength.
   174 | D:2      | 174 ||| READING scroll labelled HUTYIPP TEKK.
   175 | D:2      | 175 ||| DROPPING scroll of butterflies.
   570 | D:1      | 570 ||| READING scroll labelled HEPRAD VOFO.
   574 | D:1      | 574 ||| READING scroll labelled EFROMA LEER.
   621 | D:2      | Reached XP level 3. HP: 21/21 MP: 3/3
   635 | D:2      | Reached skill level 5 in Ranged Weapons
   809 | D:2      | Noticed Sigmund
   819 | D:2      | 819 ||| UPGRADING to +0 pair of boots.
   824 | D:2      | HP: 3/22 [Sigmund/puff of flame (7)]
   826 | D:2      | 826 ||| FLEEEEING.
   827 | D:2      | 827 ||| FLEEEEING.
   828 | D:2      | 828 ||| FLEEEEING.
   833 | D:2      | Slain by Sigmund

Levels and vault maps discovered:
D:1:      minmay_arrival_stair_chambers, layout_basic, minmay_indecisive_spiral
D:2:      layout_basic, st_stairs_2, minmay_tetromino_i4, uniq_sigmund

Skill      XL: |  1  2  3 |
---------------+----------+-----
Ranged Weapons | 5 |  5.0
Fighting       | |  2.8
Dodging        | |  1.5
Stealth        | |  1.1

Action                     || total
---------------------------++-------
   Fire: Shortbow          ||   103
    Use: Scroll            ||     3
 Armour: Leather armour    ||    16
  Dodge: Dodged            ||    19

Table legend:
 A = Non-vault XP
 B = Vault XP
 C = Vault XP percentage of total XP
 D = Non-vault monster count
 E = Vault monster count
 F = Vault count percentage of total count
                 A         B        C        D         E       F
            +---------+---------+-------+---------+---------+-------
      Total |      44 |      20 |  31.2 |      25 |      11 |  30.6
            +---------+---------+-------+---------+---------+-------
        D:1 |      27 |       6 |  18.2 |      16 |       4 |  20.0
        D:2 |      17 |      14 |  45.2 |       9 |       7 |  43.8
            +---------+---------+-------+---------+---------+-------
